cohdb
Replays
Latest Replays
All Replays
Popular Replays
Top Player Replays
Match Explorer
How It Works
Community
CoH3 Stats
Reddit
Sign in to upload your games and track your stats! →
Sign in with Steam
Match 45115927
Unlisted
Match 45115927
Overview
Messages
Build Orders
End
Royal Engineer Section
Construct Section Command Post
Selects Heavy Armor Battlegroup
Dingo Light Scout Car
Infantry Section
Infantry Section
Selects Rigorous Vehicle Training
Construct Platoon Command Post
Infantry Section
Humber Armored Car
Grenade Package
6-pounder Anti-tank Gun Team
Construct Field Infirmary
Construct Field Infirmary
Unlock Bishop Self-propelled Artillery
6-pounder Anti-tank Gun Team
Selects Forward Repair Assembly
Construct Company Command Post
Infantry Section
Crusader II Medium Tank
Convenant
Ξ Clownface
Ж | Davako
Phan
kamacura
Yumi
0
0
Comments
sign in to comment!
No comments posted yet!